 Dungeon Crawl Stone Soup version 0.31-a0-846-gb3bcc0d938 (webtiles) character file.

Game seed: 2539951010817400463

578929 freelancePsychic the Slayer (level 27, -3/316 HPs)
             Began as a Djinni Cinder Acolyte on Oct 3, 2023.
             Was the Champion of Cheibriados.
             Killed by miscasting Chain Lightning (18 damage)
             ... on level 17 of a ziggurat.
             The game lasted 01:48:27 (46099 turns).

freelancePsychic the Slayer (DjCA)                 Turns: 46099, Time: 01:48:28

Health: -3/316     AC: 38    Str: 28      XL:     27
Gold:   5682       EV:  2    Int: 41 (45) God:    Cheibriados [******] SH: 31 Dex: 24

rFire   . . .        a - staff of air
rCold   + . .        Y - +8 tower shield
rNeg    . . .        P - melded +3 troll leather armour
rPois   ∞            F - melded +3 hat of Pondering {ponderous, Will+ MP+10 Int+5}
rElec   +            D - melded +0 cloak of Midnight {rF+ rC+++ rCorr Str-2}
rCorr   .            h - melded +1 pair of gloves of Philately {Slay+2}
SInv    .            (boots unavailable)
Will    ++...        z - amulet of Riteipp {Faith +Blink rC+ Regen+}
Stlth   +++          i - ring of wizardry
HPRegen 1.52/turn    v - +4 ring of protection
MPRegen 0.00/turn

%: faith, wizardry (x1), infuse magic (-4 HP)
@: brilliant, tree-form, very slightly contaminated, slowed, studying 5 skills,
very slow
A: stationary, stasis, torment immunity, boosted hp, sickness immunity, (fire
resistance 2), (cold vulnerability 1), float, innate caster, HP casting, extra
vitality 1
}: 4/15 runes: decaying, silver, abyssal, gossamer
a: Renounce Religion, Evoke Blink, Bend Time, Temporal Distortion, Slouch, Step
From Time


You were on level 17 of a ziggurat.
You worshipped Cheibriados.
Cheibriados was exalted by your worship.
You were a tree.
You visited 11 branches of the dungeon, and saw 46 of its levels.
You visited the Abyss 1 time.
You visited 1 ziggurat, and saw 17 of its levels.
You also visited: Gauntlet and Ice Cave.

You collected 8095 gold pieces.
You spent 2413 gold pieces at shops.

Inventory:

Hand Weapons
 b - the +6 Majin-Bo {spellvamp, MP+6 Int+6}
   (You took it off a deep elf zephyrmancer on level 2 of the Elven Halls)

   Int+6:     It affects your intelligence (+6).
   MP+6:      It affects your magic capacity (+6).
Missiles
 O - 2 throwing nets
Armour
 h - the +1 pair of gloves of Philately (melded) {Slay+2}
   (You found it on level 2 of the Swamp)

   Slay+2:    It affects your accuracy & damage with ranged weapons and melee
   (+2).
 D - the +0 cloak of Midnight (melded) {rF+ rC+++ rCorr Str-2}
   (You acquired it on level 2 of the Swamp)

   Str-2:     It affects your strength (-2).
   rF+:       It protects you from fire.
   rC+++:     It renders you almost immune to cold.
   rCorr:     It protects you from acid and corrosion.
 F - the +3 hat of Pondering (melded) {ponderous, Will+ MP+10 Int+5}
   (You found it on level 12 of a ziggurat)

   Int+5:     It affects your intelligence (+5).
   Will+:     It increases your willpower.
   MP+10:     It affects your magic capacity (+10).
 P - a +3 troll leather armour (melded)
 Y - a +8 tower shield (worn)
Magical Staves
 a - a staff of air (weapon)
 q - a staff of fire
 G - the staff "Starlight" {rN+ Will++ Earth}
   (You found it on level 6 of a ziggurat)

   [staff of earth]

   Base accuracy: +5 Base damage: 5 Base attack delay: 1.2 This weapon's minimum
   attack delay (0.6) is reached at skill level 12.
   rN+:       It protects you from negative energy.
   Will++:    It greatly increases your willpower.
   Earth:     It increases the power of your Earth spells.
   It falls into the 'Staves' category.
   It is a one-handed weapon.
 H - a staff of cold
Jewellery
 i - a ring of wizardry (left branch)
 v - a +4 ring of protection (right branch)
 z - the amulet of Riteipp (around neck) {Faith +Blink rC+ Regen+}
   (You took it off a deep elf archer on level 3 of the Elven Halls)

   [amulet of faith]

   Faith:     It allows you to gain divine favour quickly.
   rC+:       It protects you from cold.
   +Blink:    It lets you blink.
   Regen+:    It increases your rate of health regeneration.
 L - a +6 ring of intelligence
Wands
 o - a wand of flame (213)
 t - a wand of digging (29)
 A - a wand of iceblast (89)
 K - a wand of charming (60)
 T - a wand of acid (27)
Scrolls
 k - 8 scrolls of noise
 p - 30 scrolls of teleportation {@r4}
 u - 2 scrolls of silence
 w - 16 scrolls of fog
 y - 3 scrolls of butterflies
 B - 37 scrolls of identify {@r1}
 C - 17 scrolls of enchant weapon
 E - 12 scrolls of revelation
 M - 12 scrolls of blinking
 R - 5 scrolls of poison
 S - 2 scrolls of enchant armour
 V - 5 scrolls of fear
 W - 8 scrolls of vulnerability
 X - 8 scrolls of immolation
 Z - 4 scrolls of torment
Potions
 c - 18 potions of curing {@q1}
 d - 9 potions of attraction
 e - 7 potions of enlightenment
 f - 8 potions of mutation
 l - 7 potions of ambrosia
 n - 8 potions of might
 r - 10 potions of brilliance
 s - 3 potions of resistance
 x - 3 potions of lignification
 J - 2 potions of invisibility
 Q - 19 potions of cancellation
Miscellaneous
 j - a box of beasts
 m - a phial of floods
 I - a phantom mirror
 N - a tin of tremorstones (2/2)
 U - a lightning rod (4/4)


   Skills:
 - Level 22.0 Fighting
 - Level 2.6 Long Blades
 - Level 18.1 Armour
 - Level 16.1 Dodging
 - Level 5.1 Stealth
 - Level 18.0 Shields
 + Level 19.9 Spellcasting
 + Level 19.9 Conjurations
 + Level 19.9 Hexes
 + Level 19.9 Summonings
 + Level 19.9 Necromancy
 + Level 19.9 Translocations
 + Level 19.9 Transmutations
 + Level 19.9 Fire Magic
 + Level 19.9 Ice Magic
 + Level 19.9 Air Magic
 + Level 19.9 Earth Magic
 + Level 19.9 Poison Magic
 - Level 12.8 Invocations
 - Level 7.2 Evocations
 * Level 7.7 Shapeshifting


You knew the following spells:

 Your Spells              Type           Power      Damage    Failure   Level
a - Chain Lightning       Conj/Air       83%        3d111     12%         9
b - Eringya's Noxious Bo  Tmut/Pois      70%        4d6       1%          6
c - Infestation           Necr           70%        N/A       1%          8
d - Volatile Blastmotes   Fire/Tloc      100%       2d18      0%          3
e - Starburst             Conj/Fire      70%        6d18      1%          6
f - Summon Small Mammal   Summ           100%       N/A       0%          1
g - Summon Ice Beast      Ice/Summ       100%       N/A       0%          4
h - Summon Cactus Giant   Summ           70%        N/A       1%          6
i - Ignition              Fire           70%        3d19      1%          8
j - Scorch                Fire           100%       2d9       0%          2
k - Iskenderun's Battles  Conj           100%       2d15      0%          5
l - Summon Forest         Summ/Tloc      70%        N/A       0%          5
m - Blink                 Tloc           100%       N/A       0%          2
n - Ozocubu's Refrigerat  Ice            70%        4d23      1%          7
Your spell library was empty.

Dungeon Overview and Level Annotations

Branches:
Dungeon (15/15)            Temple (1/1) D:5            Lair (5/5) D:10
  Swamp (4/4) Lair:3       Spider (4/4) Lair:2        Slime (2/5) Lair:5
    Orc (2/2) D:10            Elf (3/3) Orc:2        Vaults (5/5) D:13
  Crypt (0/3) Vaults:3     Depths (4/4) D:15           Hell (visited)
    Zot (0/5) Depths:4      IceCv (visited)         Gauntlet (visited)
    Dis: Hell:1         Geh: Hell:1         Coc: Hell:1         Tar: Hell:1

Altars:
Ashenzari
Cheibriados
Dithmenos
Elyvilon
Fedhas
Gozag
Hepliaklqana
Makhleb
Nemelex Xobeh
Okawaru
Qazlal
Ru
Trog
Uskayaw
Wu Jian
Xom
Yredelemnul
Zin
The Shining One

Shops:
D:6 :   D:7 :   D:11 =:!*   Orc:2 :*(*   Elf:3 (   Vaults:1 (   Vaults:2 [
Vaults:4 *   Vaults:5 ?!

Portals:
Hell: Depths:1 Depths:2 Depths:3 Depths:4
Abyss: Depths:3
Pandemonium: Depths:2 Depths:4
Trove: Elf:3 (give 2 scrolls of acquirement)

Annotations:
D:10 Gastronok
Lair:3 exclusion: oklob plant
Swamp:3 3 runed translucent doors, Eboth's ghost, adept GnFi; Kurtz's ghost, adept OpFi; ShangFenghuang's ghost, adept DrSh; bahustanut's ghost, adept FoHu
Elf:2 3 runed translucent doors


Innate Abilities, Weirdness & Mutations

You are a tree.
Your roots penetrate the ground, keeping you stationary.
You cannot be teleported.
You are immune to unholy pain and torment.
Your maximum health is greatly increased.
Your equipment is partially melded.
You are immune to sickness and miasma.
You are immune to poison.
((Your flesh is very heat resistant. (rF++)))
((You are vulnerable to cold. (rC-)))
You float through the air rather than walking.
You learn spells naturally, not from books.
Your magical power is your life essence.
You have superior vitality. (+4 MHP)


Message History

The royal mummy casts a spell at you. Something smites you!
* * * LOW HITPOINT WARNING * * *
A royal mummy comes into view.
A golden dragon zombie comes into view.
A mummy comes into view.
The royal mummy gestures wildly while chanting.
The royal mummy mumbles some strange words.
You hear a hideous shriek!
Unknown command.
Casting: Chain Lightning (dangerous; 12% risk of failure)
Confirm with . or Enter, or press ? or * to list all spells.
You feel a strong surge of power! Lightning arcs from your branches!
The bolt of lightning hits the emperor scorpion!!!!
The emperor scorpion is almost dead.
The bolt of lightning hits the royal mummy!!!
The royal mummy resists.
The royal mummy is almost destroyed.
The bolt of lightning hits the royal mummy!!!
The royal mummy resists.
The royal mummy is severely damaged.
The bolt of lightning hits the royal mummy!!!
The royal mummy resists.
The royal mummy is moderately damaged.
The bolt of lightning hits the golden dragon zombie!!!!
The golden dragon zombie is heavily damaged.
The bolt of lightning hits the mummy!!
You destroy the mummy!
* * * LOW HITPOINT WARNING * * *
A flying skull comes into view.
The royal mummy gestures at you while chanting.
Something smites you!
* * * LOW HITPOINT WARNING * * *
The royal mummy mumbles some strange words.
A mummy priest comes into view.
Casting: Chain Lightning (dangerous; 12% risk of failure)
Confirm with . or Enter, or press ? or * to list all spells.
You feel a strong surge of power!
You miscast Chain Lightning.
You are very lightly contaminated with residual magic.
Strange energies run through your body!!
You die...

▓...........M...
▓.......M.......
▓....BM.z.M.....
▓∩....M...§Z....
▓....MZ.........
▓.s......§......
▓.....B......M.M
▓...............
▓♣...M.s........
▓▓▓▓▓▓▓▓▓▓......
......


You could see 4 royal mummies, 2 emperor scorpions, a mummy priest, 2 death
scarabs, a flying skull and a golden dragon zombie.

Vanquished Creatures
  3 dread liches (Vaults:5)
  An ancient lich (Zig:13)
  Mara (Vaults:5)
  4 royal mummies (Zig:17)
  Bai Suzhen (Vaults:3)
  The ghost of Luiw the Slayer, a veteran HOBe of Trog (Vaults:2)
  2 shard shrikes
  A Killer Klown (Zig:9)
  Saint Roka (Orc:2)
  Geryon (Hell)
  4 golden dragons
  3 bone dragons
  the Enchantress (Depths:4)
  3 Brimstone Fiends (Zig:16)
  Jorgrun (D:14)
  2 Tzitzimimeh (Depths:2)
  2 hellephants (Zig:16)
  4 tentacled monstrosities
  3 Ice Fiends (Zig:11)
  An iron giant (Zig:3)
  2 pandemonium lords (Zig:9)
  3 liches
  4 deep elf master archers
  A quicksilver dragon (Depths:3)
  4 searing wretches (Zig:16)
  4 deep elf blademasters
  4 titans (Vaults:5)
  3 sphinxes
  2 acid blobs (Zig:7)
  3 tentacled starspawn (Abyss:3)
  4 ancient champions
  5 shadow dragons
  Kirke (Spider:4)
  2 thorn hunters
  A fenstrider witch (Swamp:4)
  A nagaraja (Zig:5)
  7 storm dragons
  Aizul (Swamp:3)
  6 tengu reavers
  A draconian monk (Zig:8)
  10 fire giants
  A draconian knight (Zig:8)
  4 revenants (Zig:13)
  2 azure jellies (Zig:7)
  A fire giant (shapeshifter) (Zig:9)
  7 narguns
  22 vault wardens
  8 frost giants
  A draconian scorcher (Zig:8)
  4 emperor scorpions (Spider:4)
  11 deep elf sorcerers
  An iron dragon (Depths:3)
  A deep elf elementalist (Elf:3)
  7 ghost moths
  11 balrugs
  15 ironbound preservers
  Louise (D:14)
  A caustic shrike zombie (Zig:17)
  A draconian stormcaller (Depths:4)
  A demonspawn corrupter (Zig:2)
  2 draconian shifters
  A curse skull (Zig:13)
  An orc warlord (Zig:12)
  20 very ugly things
  2 war gargoyles
  A ghoul (Zig:15)
  2 formless jellyfish
  3 spriggan defenders
  A formless jellyfish (shapeshifter) (Zig:9)
  9 stone giants
  3 broodmothers
  4 reapers
  7 ironbound thunderhulks
  3 vampire knights
  8 deep elf demonologists
  Nessos (D:13)
  6 deep elf annihilators
  A green draconian (Zig:8)
  A purple draconian (Depths:4)
  8 eleionomae
  2 black draconians (Zig:8)
  11 dire elephants
  A red draconian (Depths:4)
  A yellow draconian (Zig:8)
  2 white draconians
  2 spark wasps
  11 wendigos
  4 bunyips
  3 minotaurs
  10 deep elf death magi
  4 ettins
  2 eidola (Zig:13)
  A merfolk javelineer (Vaults:2)
  A merfolk impaler (Vaults:2)
  9 entropy weavers
  3 green deaths (Zig:15)
  5 great orbs of eyes
  An entropy weaver (shapeshifter) (D:14)
  4 blizzard demons
  A mummy priest (Zig:17)
  5 fire dragons
  2 quicksilver dragon zombies
  10 deep elf high priests
  A jiangshi (Zig:13)
  5 rakshasas
  A shambling mangrove (Swamp:3)
  40 vault guards
  2 salamander tyrants
  14 yaktaur captains
  8 ice dragons
  Erolcha (D:11)
  An anaconda (shapeshifter) (Vaults:5)
  A peacekeeper (Vaults:4)
  A jorogumo (Spider:3)
  10 hydras
  6 spriggan air magi
  5 ogre magi
  3 catoblepae
  6 boulder beetles
  3 radroaches
  7 ghost crabs
  9 alligators
  15 centaur warriors
  A stoker (Zig:16)
  14 ironbound frosthearts
  5 hell hogs
  18 two-headed ogres
  A two-headed ogre (shapeshifter) (Zig:9)
  3 dancing weapons (Zig:14)
  3 death scarabs
  14 death yaks
  A satyr (shapeshifter) (Zig:14)
  2 deep troll shamans (Depths:3)
  2 deep troll earth magi (Vaults:5)
  Urug (D:12)
  7 spriggan berserkers
  A naga sharpshooter (Zig:5)
  5 demonic crawlers
  14 spriggans
  20 tengu warriors
  3 vampire magi
  A thrashing horror (Abyss:3)
  4 soul eaters
  4 hell knights (Depths:2)
  5 sun demons
  18 deep elf knights
  A skyshark (Lair:3)
  2 wretched stars (Abyss:3)
  10 skeletal warriors
  2 sun moths
  7 iron trolls
  Amaemon (D:9)
  3 pharaoh ants
  3 shadow wraiths
  A glowing orange brain (Depths:3)
  Lodul (D:11)
  A death drake (shapeshifter) (Vaults:5)
  8 goliath frogs
  34 deep trolls
  2 quicksilver dragon simulacra (Depths:3)
  3 spectral hydras
  2 flayed ghosts
  An obsidian statue (Zig:5)
  A death drake (Zig:15)
  7 orb spiders
  2 swamp dragons
  10 phantasmal warriors
  18 ironbound convokers
  4 bog bodies
  17 deep elf archers
  2 harpies
  7 steelbarb worms
  9 wizards
  4 alligator zombies (Swamp:4)
  12 lindwurms
  3 necromancers
  6 orc knights
  33 deep elf pyromancers
  Pikel (D:4)
  4 orc sorcerers
  A wolf spider (shapeshifter) (Vaults:1)
  4 will-o-the-wisps (Swamp:4)
  17 wolf spiders
  31 deep elf zephyrmancers
  A salamander (Zig:5)
  7 manticores
  4 elephants (Lair:1)
  A worldbinder (Abyss:3)
  A moth of wrath (Spider:3)
  7 cyclopes
  36 ugly things
  4 centaur zombies (D:10)
  A shining eye (Zig:7)
  A guardian serpent (shapeshifter) (Zig:14)
  6 torpor snails
  A fire giant skeleton (Vaults:4)
  A smoke demon (Zig:2)
  20 vault sentinels
  2 naga magi (Zig:5)
  5 apocalypse crabs
  5 black mambas
  An orange demon (D:9)
  5 gargoyles
  4 ice statues
  Maggie (D:9)
  9 cane toads
  An unseen horror (shapeshifter) (Depths:2)
  7 komodo dragons
  A hellion (Zig:16)
  4 freezing wraiths
  Jeremiah (D:8)
  7 tormentors
  2 unseen horror zombies (D:10)
  3 rime drakes
  50 yaktaurs
  5 swamp worm zombies (Swamp:4)
  5 ice devils
  6 tengu conjurers
  4 guardian mummies (Zig:17)
  A harpy zombie (Hell)
  2 ancient zymes (Abyss:3)
  13 trolls
  A human skeleton (Vaults:4)
  3 bloated husks
  A wolf spider simulacrum (D:15)
  A hydra zombie (Swamp:4)
  2 tengu simulacra
  2 hellwings (Depths:2)
  10 polar bears (IceCv)
  12 tyrant leeches
  21 hornets
  3 raiju (Abyss:3)
  10 blink frogs
  18 tarantellas
  2 dream sheep (Lair:5)
  A snapping turtle (shapeshifter) (Vaults:4)
  2 large abominations
  2 spectral swamp dragons (Swamp:4)
  19 slime creatures
  2 flying skulls (Zig:17)
  13 jumping spiders
  23 culicivoras
  A fire dragon skeleton (Hell)
  5 air elementals
  3 wyverns
  2 wraiths
  Sigmund (D:3)
  A centaur simulacrum (D:15)
  5 water elementals
  12 fire elementals
  3 starcursed masses (Abyss:3)
  An elf zombie (Vaults:4)
  Eustachio (D:5)
  5 hogs (Spider:4)
  58 yaks
  4 basilisks
  3 steam dragons
  2 golden eyes (Zig:7)
  14 vampire mosquitoes
  Menkaure (D:5)
  42 redbacks
  2 harpy simulacra (Hell)
  2 chaos spawn
  13 swamp worms
  4 wargs
  3 acid dragons
  16 water moccasins
  2 swamp drakes
  2 sky beasts
  25 orc warriors
  30 ogres
  4 ettin simulacra (Depths:3)
  6 swamp dragon zombies (Swamp:4)
  2 black bears
  24 wolves
  4 lemures (D:4)
  12 centaurs
  4 phantoms
  A kobold brigand (D:9)
  8 bullfrogs
  A gnoll sergeant (D:7)
  5 scorpions
  2 earth elementals (Zig:14)
  6 wights (D:10)
  12 killer bees
  5 electric eels
  15 jellies
  2 howler monkeys
  4 gnoll boudas
  2 hounds
  2 human zombies
  7 orc priests
  A sleepcap (D:7)
  Jessica (D:2)
  A scorpion zombie (D:4)
  2 iguanas
  14 orc wizards
  2 spectral swamp drakes (Swamp:4)
  A hound zombie (D:4)
  5 mummies
  A boggart simulacrum (D:14)
  A howler monkey zombie (D:10)
  Robin (D:4)
  12 gnolls
  5 adders
  2 swamp drake zombies (Swamp:4)
  A shadow imp (D:6)
  2 ufetubi
  2 adder zombies (D:4)
  A worm (D:2)
  A dart slug (D:1)
  46 orcs
  7 endoplasms
  3 giant cockroaches
  18 goblins
  8 hobgoblins
  7 jackals
  3 quokkas
  9 bats
  2 frilled lizards (D:1)
  20 kobolds
  7 rats
  2 starspawn tentacles (Abyss:3)
1911 creatures vanquished.

Vanquished Creatures (collateral kills)
  A juggernaut (Depths:3)
  Parghit (Depths:4)
  2 golden dragons
  A bone dragon (Swamp:4)
  A walking crystal tome (Depths:3)
  A storm dragon (Depths:3)
  A draconian scorcher (Depths:4)
  A deep elf elementalist (Elf:3)
  A spriggan defender (Depths:4)
  2 deep elf demonologists
  2 red draconians (Depths:4)
  A yellow draconian (Depths:4)
  2 crystal guardians
  3 fire dragons
  A spark wasp (Depths:4)
  An entropy weaver (Abyss:3)
  A deep elf high priest (Elf:3)
  An ogre mage (D:15)
  2 hydras
  An ice dragon (Depths:4)
  A catoblepas (Lair:5)
  An alligator (Swamp:4)
  A centaur warrior (D:14)
  3 death yaks (Lair:3)
  A tengu warrior (Depths:3)
  11 dancing weapons
  A deep troll shaman (Depths:4)
  3 two-headed ogres (D:15)
  A naga warrior (Abyss:3)
  A vampire mage (Depths:4)
  A thrashing horror (Abyss:3)
  A crystal echidna (Depths:2)
  A hell knight (Depths:4)
  An iron troll (Depths:4)
  A sixfirhy (Abyss:3)
  A swamp dragon (Swamp:4)
  A glowing orange brain (Depths:3)
  A phantasmal warrior (Swamp:4)
  2 deep elf archers (Elf:1)
  4 deep elf zephyrmancers
  An orc sorcerer (Orc:2)
  A deep elf pyromancer (Elf:1)
  A will-o-the-wisp (Swamp:4)
  An alligator zombie (Swamp:4)
  A worldbinder (Abyss:3)
  Joseph (D:9)
  2 elephants
  A black mamba (Lair:2)
  An apocalypse crab (Abyss:3)
  2 guardian serpents (Abyss:3)
  A rust devil (Depths:2)
  A torpor snail (Lair:5)
  A smoke demon (Abyss:3)
  A cane toad (Lair:5)
  2 efreet
  A komodo dragon (Lair:4)
  2 ancient zymes (Abyss:3)
  A polar bear (Lair:1)
  A hellwing (Abyss:3)
  A raiju (Abyss:3)
  5 blink frogs
  An air elemental (Elf:2)
  3 yaks
  2 ynoxinuls (Abyss:3)
  A basilisk (Lair:5)
  2 fire elementals
  A naga (Abyss:3)
  An acid dragon (D:14)
  An orc warrior (Orc:2)
  2 wolves (Lair:5)
  2 ogres
  4 phantoms (Swamp:4)
  2 kobold brigands
  4 earth elementals
  A scorpion (D:6)
  A howler monkey (D:8)
  A small abomination (Abyss:3)
  3 jellies
  An orc wizard (Orc:2)
  9 gnolls
  An ufetubus (Abyss:3)
  7 orcs
144 creatures vanquished.

Vanquished Creatures (others)
  A shambling mangrove (Zig:15)
  A ghost crab (Swamp:4)
  A deep elf zephyrmancer (Elf:1)
  3 bloated husks
  A water elemental (Zig:14)
  2 phantoms (Swamp:4)
  An iron imp (Abyss:3)
  53 foxfires
  A lurking horror (Abyss:3)
  5 snaplasher vines
  4 starspawn tentacles (Abyss:3)
73 creatures vanquished.

Grand Total: 2128 creatures vanquished

Notes
Turn   | Place    | Note
-------+----------+-------------------------------------------
     0 | D:1      | freelancePsychic the Djinni Cinder Acolyte began the quest
                  | for the Orb.
     0 | D:1      | freelancePsychic set off with the following spells
                  | memorised: Scorch.
     0 | D:1      | Reached XP level 1. HP: 20/20 MP: 0/0
   250 | D:1      | Reached XP level 2. HP: 24/25 MP: 0/0
   498 | D:1      | Reached XP level 3. HP: 24/30 MP: 0/0
   498 | D:1      | Learned a level 1 spell: Summon Small Mammal
  1149 | D:2      | Reached XP level 4. HP: 25/36 MP: 0/0
  1497 | D:2      | Noticed Jessica
  1499 | D:2      | Killed Jessica
  1500 | D:2      | Reached XP level 5. HP: 20/41 MP: 0/0
  1500 | D:2      | Learned a level 2 spell: Blink
  1995 | D:3      | Reached skill level 4 in Fighting
  2007 | D:3      | Noticed Sigmund
  2014 | D:3      | Killed Sigmund
  2015 | D:3      | Reached XP level 6. HP: 39/48 MP: 0/0
  2979 | D:4      | Found a basalt altar of Yredelemnul.
  3100 | D:4      | Reached XP level 7. HP: 41/53 MP: 0/0
  3100 | D:4      | Learned a level 3 spell: Volatile Blastmotes
  3176 | D:4      | Reached skill level 5 in Fighting
  3261 | D:4      | Noticed Pikel
  3304 | D:4      | Killed Pikel
  3305 | D:4      | Reached skill level 5 in Spellcasting
  3305 | D:4      | Reached skill level 5 in Conjurations
  3305 | D:4      | Reached skill level 5 in Hexes
  3305 | D:4      | Reached skill level 5 in Summonings
  3305 | D:4      | Reached skill level 5 in Necromancy
  3305 | D:4      | Reached skill level 5 in Translocations
  3305 | D:4      | Reached skill level 5 in Transmutations
  3305 | D:4      | Reached skill level 5 in Fire Magic
  3305 | D:4      | Reached skill level 5 in Ice Magic
  3305 | D:4      | Reached skill level 5 in Air Magic
  3305 | D:4      | Reached skill level 5 in Earth Magic
  3305 | D:4      | Reached skill level 5 in Poison Magic
  3305 | D:4      | Reached XP level 8. HP: 17/61 MP: 0/0
  3727 | D:4      | Noticed Robin
  3740 | D:4      | Killed Robin
  3741 | D:4      | Reached skill level 6 in Fighting
  4280 | D:5      | Entered Level 5 of the Dungeon
  4371 | D:5      | Noticed Eustachio
  4388 | D:5      | Killed Eustachio
  4389 | D:5      | Reached skill level 1 in Stealth
  4467 | D:5      | Found a shadowy altar of Dithmenos.
  4498 | D:5      | Noticed Menkaure
  4510 | D:5      | Killed Menkaure
  4661 | D:5      | Found a staircase to the Ecumenical Temple.
  5289 | D:6      | Reached XP level 9. HP: 56/67 MP: 0/0
  5289 | D:6      | Learned a level 4 spell: Summon Ice Beast
  5311 | D:6      | Reached skill level 7 in Fighting
  6049 | D:6      | Found Ihuhamug's Tremendous Tomes.
  6087 | D:7      | Found a broken altar of Ashenzari.
  6382 | D:7      | Found a hide-covered altar of Uskayaw.
  6417 | D:7      | Reached skill level 8 in Fighting
  6652 | D:7      | Reached skill level 5 in Stealth
  6652 | D:7      | Reached XP level 10. HP: 56/76 MP: 0/0
  6745 | D:7      | Found Nauhekhi's Vocational Training.
  7231 | D:8      | Reached skill level 1 in Evocations
  7465 | D:8      | Noticed Jeremiah
  7505 | D:8      | Killed Jeremiah
  7506 | D:8      | Reached skill level 9 in Fighting
  8781 | D:9      | Noticed Joseph
  8796 | D:9      | Killed Joseph
  9105 | D:9      | Noticed a two-headed ogre
  9109 | D:9      | Noticed an orange demon
  9120 | D:9      | Killed an orange demon
  9127 | D:9      | Killed a two-headed ogre
  9128 | D:9      | Reached skill level 5 in Evocations
  9128 | D:9      | Reached XP level 11. HP: 61/85 MP: 0/0
  9128 | D:9      | Learned a level 5 spell: Iskenderun's Battlesphere
  9253 | D:9      | Noticed Maggie
  9263 | D:9      | Killed Maggie
  9264 | D:9      | Reached skill level 10 in Fighting
  9717 | D:9      | Noticed Amaemon
  9725 | D:9      | Killed Amaemon
 10297 | D:10     | Entered Level 10 of the Dungeon
 10297 | D:10     | Found a staircase to the Orcish Mines.
 10613 | D:10     | Reached skill level 11 in Fighting
 10918 | D:10     | Noticed a two-headed ogre
 10927 | D:10     | Killed a two-headed ogre
 10928 | D:10     | Reached skill level 1 in Dodging
 11120 | D:10     | Found a glowing silver altar of Zin.
 11120 | D:10     | Found a snail-covered altar of Cheibriados.
 11130 | D:10     | Reached XP level 12. HP: 52/94 MP: 0/0
 11352 | D:10     | Noticed Gastronok
 11493 | D:10     | Found a staircase to the Lair.
 11616 | D:10     | Found a glowing golden altar of the Shining One.
 11871 | D:11     | Noticed a two-headed ogre
 11880 | D:11     | Killed a two-headed ogre
 11917 | D:11     | Reached skill level 12 in Fighting
 11948 | D:11     | Found a gate leading to a gauntlet.
 11956 | Gauntlet | Entered a Gauntlet
 11956 | Gauntlet | Found a transporter.
 11956 | Gauntlet | Found a transporter.
 11990 | Gauntlet | Found a transporter.
 11993 | Gauntlet | Found a transporter.
 12000 | Gauntlet | Noticed a death scarab
 12002 | Gauntlet | Found a transporter.
 12005 | Gauntlet | Found a transporter.
 12009 | Gauntlet | Found a runed translucent door.
 12011 | Gauntlet | Found a runed translucent door.
 12013 | Gauntlet | Found a transporter.
 12030 | Gauntlet | Found a transporter.
 12044 | Gauntlet | Found a transporter.
 12048 | Gauntlet | Found a transporter.
 12056 | Gauntlet | Found a transporter.
 12060 | Gauntlet | Found a transporter.
 12138 | Gauntlet | Killed a death scarab
 12139 | Gauntlet | Reached skill level 5 in Dodging
 12201 | Gauntlet | Identified the amulet of the Townfolk {Faith Fly Slay-5
                  | SInv}
 12242 | Gauntlet | Noticed a minotaur
 12255 | Gauntlet | Killed a minotaur
 12427 | D:11     | Noticed Erolcha
 12435 | D:11     | Killed Erolcha
 12520 | D:11     | Found Jeinyil's Assorted Antiques.
 12564 | D:11     | Bought a twisted glass wand for 100 gold pieces
 12658 | D:11     | Found Rovann's Distillery.
 12674 | D:11     | Bought a potion of heal wounds for 90 gold pieces
 12674 | D:11     | Bought a potion of brilliance for 72 gold pieces
 12674 | D:11     | Bought a potion of invisibility for 144 gold pieces
 12677 | D:11     | Found Elubaf's Jewellery Boutique.
 12689 | D:11     | Bought an amulet of regeneration for 360 gold pieces
 12730 | D:11     | Noticed Lodul
 12736 | D:11     | Killed Lodul
 12881 | D:11     | Found Iwaob's Book Shoppe.
 13027 | Lair:1   | Entered Level 1 of the Lair of Beasts
 13250 | Lair:1   | Reached XP level 13. HP: 97/102 MP: 0/0
 13250 | Lair:1   | Learned a level 5 spell: Summon Forest
 13404 | Lair:1   | Reached skill level 13 in Fighting
 13413 | Lair:1   | HP: 2/103 [ice devil (17)]
 13461 | Lair:1   | Found a frozen archway.
 13470 | IceCv    | Entered an ice cave
 13691 | IceCv    | Reached skill level 10 in Spellcasting
 13691 | IceCv    | Reached skill level 10 in Conjurations
 13691 | IceCv    | Reached skill level 10 in Hexes
 13691 | IceCv    | Reached skill level 10 in Summonings
 13691 | IceCv    | Reached skill level 10 in Necromancy
 13691 | IceCv    | Reached skill level 10 in Translocations
 13691 | IceCv    | Reached skill level 10 in Transmutations
 13691 | IceCv    | Reached skill level 10 in Fire Magic
 13691 | IceCv    | Reached skill level 10 in Ice Magic
 13691 | IceCv    | Reached skill level 10 in Air Magic
 13691 | IceCv    | Reached skill level 10 in Earth Magic
 13691 | IceCv    | Reached skill level 10 in Poison Magic
 14122 | IceCv    | Noticed a frost giant
 14132 | IceCv    | Killed a frost giant
 14453 | Lair:1   | Reached skill level 14 in Fighting
 14798 | Lair:2   | Reached XP level 14. HP: 75/112 MP: 0/0
 14961 | Lair:2   | Found a hole to the Spider Nest.
 15052 | Lair:2   | Reached skill level 10 in Dodging
 15956 | Lair:3   | Found a staircase to the Swamp.
 16158 | Lair:3   | Found the +8 whip "Snakebite" {venom, curare, rPois}
 16675 | Swamp:1  | Entered Level 1 of the Swamp
 17062 | Lair:4   | You are sucked into a shaft and drop 1 floor!
 17062 | Lair:5   | Entered Level 5 of the Lair of Beasts
 17148 | Lair:5   | Reached skill level 15 in Fighting
 17175 | Lair:5   | Found a staircase to the Slime Pits.
 17194 | Slime:1  | Entered Level 1 of the Pits of Slime
 18253 | Temple   | Entered the Ecumenical Temple
 18471 | D:10     | Fell from the grace of Ignis
 18471 | D:10     | Became a worshipper of Cheibriados the Contemplative
 18524 | Orc:1    | Entered Level 1 of the Orcish Mines
 18813 | Orc:1    | Found a bloodstained altar of Trog.
 18889 | Orc:2    | Entered Level 2 of the Orcish Mines
 18889 | Orc:2    | Found Rierof's Assorted Antiques.
 18894 | Orc:2    | Bought a potion of brilliance for 108 gold pieces
 18894 | Orc:2    | Bought a bubbling yellow potion for 24 gold pieces
 18916 | Orc:2    | Noticed Saint Roka
 18922 | Orc:2    | Reached * piety under Cheibriados
 19154 | Lair:4   | Reached XP level 15. HP: 112/120 MP: 0/0
 19154 | Lair:4   | Learned a level 6 spell: Starburst
 19260 | Lair:4   | Reached ** piety under Cheibriados
 19450 | Lair:4   | Reached skill level 1 in Invocations
 19560 | Lair:4   | You are sucked into a shaft and drop 1 floor!
 19685 | Lair:5   | Reached *** piety under Cheibriados
 20542 | D:12     | Reached skill level 5 in Invocations
 20671 | D:12     | Noticed Urug
 20673 | D:12     | Killed Urug
 21182 | D:13     | Reached **** piety under Cheibriados
 21191 | D:13     | Reached skill level 1 in Shields
 21423 | D:13     | Noticed Nessos
 21427 | D:13     | Killed Nessos
 21487 | D:13     | You are sucked into a shaft and drop 2 floors!
 21487 | D:15     | Entered Level 15 of the Dungeon
 21547 | D:15     | Identified a scroll of acquirement
 21599 | D:15     | Acquired the +1 helmet of the Irksome God {rN++}
 21740 | D:15     | Identified the +2 trident of Dithmenos's Pride {drain, rF+
                  | Int-2 Stlth+}
 21815 | D:15     | Reached XP level 16. HP: 64/126 MP: 0/0
 21860 | D:15     | Found a staircase to the Depths.
 21865 | D:15     | Reached ***** piety under Cheibriados
 22162 | D:15     | Was forgiven by Ignis
 22419 | D:14     | Noticed a storm dragon
 22422 | D:14     | Reached skill level 5 in Shields
 22428 | D:14     | Killed a storm dragon
 22712 | D:14     | Noticed Louise
 22716 | D:14     | Killed Louise
 22859 | D:14     | Noticed Jorgrun
 22865 | D:14     | Killed Jorgrun
 22895 | D:14     | Identified the +3 rapier of Laceration {protect, *Rage
                  | rCorr Dex+9}
 23267 | D:14     | Noticed a tengu reaver
 23270 | D:14     | Killed a tengu reaver
 23341 | D:14     | Identified the staff "Otute" {rF+ Will+ Earth}
 23700 | D:13     | Found a gate to the Vaults.
 24182 | Orc:2    | Reached ****** piety under Cheibriados
 24189 | Orc:2    | Killed Saint Roka
 24272 | Orc:2    | Reached XP level 17. HP: 127/131 MP: 0/0
 24272 | Orc:2    | Learned a level 6 spell: Summon Cactus Giant
 24326 | Orc:2    | Found Uluzxir's Weapon Emporium.
 24330 | Orc:2    | Found Toptec Aria's Assorted Antiques.
 24337 | Orc:2    | Reached skill level 10 in Invocations
 24362 | Orc:2    | Found Loec's Book Boutique.
 24385 | Orc:2    | Found Jof Summ's Magic Scroll Emporium.
 24510 | Orc:2    | Found a staircase to the Elven Halls.
 24789 | D:7      | Bought a manual of Evocations for 1120 gold pieces
 25307 | Swamp:1  | Identified the +6 war axe "Zusem" {antimagic, +Blink Str+3
                  | Dex+3 Stlth+}
 25552 | Swamp:2  | Identified the +6 scale mail of Intercession {*Slow +Inv
                  | rElec Stlth+}
 25674 | Swamp:2  | Acquired the +0 cloak of Midnight {rF+ rC+++ rCorr Str-2}
 25732 | Swamp:2  | Identified the +1 pair of gloves of Philately {Slay+2}
 25804 | Swamp:2  | Noticed a thorn hunter
 25810 | Swamp:2  | Killed a thorn hunter
 26096 | Swamp:3  | Found a runed translucent gate.
 26096 | Swamp:3  | Found a runed translucent gate.
 26096 | Swamp:3  | Found a runed translucent gate.
 26116 | Swamp:3  | Noticed ShangFenghuang's ghost (adept DrSh)
 26116 | Swamp:3  | Noticed Eboth's ghost (adept GnFi)
 26116 | Swamp:3  | Noticed bahustanut's ghost (adept FoHu)
 26116 | Swamp:3  | Noticed Kurtz's ghost (adept OpFi)
 26288 | Swamp:3  | Noticed Aizul
 26294 | Swamp:3  | Killed Aizul
 26295 | Swamp:3  | Reached skill level 10 in Shields
 26881 | Swamp:4  | Entered Level 4 of the Swamp
 27079 | Swamp:4  | Reached XP level 18. HP: 113/138 MP: 0/0
 27296 | Swamp:4  | Reached skill level 1 in Armour
 27456 | Swamp:4  | Noticed a bone dragon
 27518 | Swamp:4  | Killed a bone dragon
 27715 | Swamp:4  | Got a decaying rune of Zot
 27881 | Spider:1 | Entered Level 1 of the Spider Nest
 28979 | Spider:2 | Reached skill level 16 in Fighting
 29481 | Spider:2 | You are sucked into a shaft and drop 1 floor!
 30131 | Spider:4 | Entered Level 4 of the Spider Nest
 30201 | Spider:4 | Reached skill level 5 in Armour
 30220 | Spider:4 | Reached XP level 19. HP: 141/145 MP: 0/0
 30220 | Spider:4 | Learned a level 6 spell: Eringya's Noxious Bog
 30491 | Spider:4 | Noticed Kirke
 30511 | Spider:4 | Killed Kirke
 30559 | Spider:4 | Identified the +2 ring mail "Ucse" {*Corrode +Inv Will+}
 30894 | Spider:4 | Got a gossamer rune of Zot
 31209 | Vaults:1 | Entered Level 1 of the Vaults
 31790 | Vaults:1 | Reached skill level 17 in Fighting
 32218 | Vaults:1 | Reached XP level 20. HP: 128/155 MP: 0/0
 32271 | Vaults:1 | Found Zoestid's Antique Weapon Boutique.
 32596 | Elf:1    | Entered Level 1 of the Elven Halls
 33454 | Elf:1    | Identified the +0 ring mail of Decompression {rF+ Str-3
                  | Int+3 Slay+5}
 33931 | Elf:2    | Paralysed by an air elemental for 1 turns
 33933 | Elf:2    | Paralysed by an air elemental for 1 turns
 34016 | Elf:2    | Found a runed translucent gate.
 34016 | Elf:2    | Found a runed translucent gate.
 34016 | Elf:2    | Found a runed translucent gate.
 34055 | Elf:3    | Entered Level 3 of the Elven Halls
 34092 | Elf:3    | Found a portal to a secret trove of treasure.
 34117 | Elf:3    | Paralysed by an air elemental for 1 turns
 34382 | Elf:3    | Reached XP level 21. HP: 162/162 MP: 0/0
 34382 | Elf:3    | Learned a level 8 spell: Ignition
 34559 | Elf:3    | Reached skill level 18 in Fighting
 34573 | Elf:3    | Reached skill level 10 in Armour
 34613 | Elf:3    | Identified the +7 hand axe "Deotsuesu" {freeze, rF++}
 34613 | Elf:3    | Identified the amulet of Riteipp {Faith +Blink rC+ Regen+}
 34656 | Elf:3    | Reached skill level 15 in Spellcasting
 34656 | Elf:3    | Reached skill level 15 in Conjurations
 34656 | Elf:3    | Reached skill level 15 in Hexes
 34656 | Elf:3    | Reached skill level 15 in Summonings
 34656 | Elf:3    | Reached skill level 15 in Necromancy
 34656 | Elf:3    | Reached skill level 15 in Translocations
 34656 | Elf:3    | Reached skill level 15 in Transmutations
 34656 | Elf:3    | Reached skill level 15 in Fire Magic
 34656 | Elf:3    | Reached skill level 15 in Ice Magic
 34656 | Elf:3    | Reached skill level 15 in Air Magic
 34656 | Elf:3    | Reached skill level 15 in Earth Magic
 34656 | Elf:3    | Reached skill level 15 in Poison Magic
 34689 | Elf:3    | Identified the ring of the Enemy {rC+ Will- Int+5}
 34748 | Elf:3    | Identified the +6 scale mail "Amaruuby" {rPois rCorr Dex-3}
 34787 | Elf:3    | Identified the +7 spear of Offence {speed, rF++}
 34846 | Elf:3    | Identified the +1 plate armour of Gravity {-Tele Will+
                  | Int+2 Dex+4}
 34866 | Elf:3    | Identified the +4 broad axe of Yrixoopn {elec, rPois Int+3}
 34921 | Elf:3    | Identified the +5 scale mail of Yloq Kow {Will+ Dex+2}
 35027 | Elf:3    | Found Juzenamo's Firing Range.
 36009 | Vaults:2 | Found Fasiesiv's Antique Armour Boutique.
 36216 | Vaults:2 | Reached XP level 22. HP: 157/171 MP: 0/0
 36229 | Vaults:2 | Found a runed translucent gate.
 36229 | Vaults:2 | Found a runed translucent gate.
 36231 | Vaults:2 | Found a runed translucent gate.
 36234 | Vaults:2 | Noticed Luiw's ghost (veteran HOBe)
 36488 | Vaults:2 | Found an iron altar of Okawaru.
 36501 | Vaults:2 | Killed Luiw's ghost
 36629 | Vaults:3 | Found a staircase to the Crypt.
 36919 | Vaults:3 | Reached skill level 19 in Fighting
 37194 | Vaults:3 | Noticed Bai Suzhen
 37203 | Vaults:3 | Killed Bai Suzhen
 38367 | Vaults:4 | Reached XP level 23. HP: 162/178 MP: 0/0
 38367 | Vaults:4 | Learned a level 7 spell: Ozocubu's Refrigeration
 38635 | Vaults:4 | Found Irraaxt's Assorted Antiques.
 38642 | Vaults:4 | Bought a bubbling cyan potion for 24 gold pieces
 38684 | Vaults:5 | Entered Level 5 of the Vaults
 38691 | Vaults:5 | Reached skill level 15 in Shields
 38707 | Vaults:5 | Reached skill level 20 in Fighting
 38710 | Vaults:5 | Noticed Mara
 38715 | Vaults:5 | Noticed a dread lich
 38716 | Vaults:5 | Noticed freelancePsychic's illusion
 38717 | Vaults:5 | Noticed a dread lich
 38718 | Vaults:5 | Noticed a dread lich
 38722 | Vaults:5 | Killed a dread lich
 38724 | Vaults:5 | Killed a dread lich
 38724 | Vaults:5 | Killed a dread lich
 38725 | Vaults:5 | Reached XP level 24. HP: 188/188 MP: 0/0
 38729 | Vaults:5 | Killed Mara
 38968 | Vaults:5 | Found Lykhlod's Distillery.
 38975 | Vaults:5 | Bought a potion of heal wounds for 70 gold pieces
 38975 | Vaults:5 | Bought 2 potions of brilliance for 112 gold pieces
 38975 | Vaults:5 | Bought a potion of attraction for 42 gold pieces
 38975 | Vaults:5 | Bought a potion of attraction for 42 gold pieces
 38981 | Vaults:5 | Got a silver rune of Zot
 39320 | Vaults:5 | Noticed a golden dragon
 39329 | Vaults:5 | Killed a golden dragon
 39446 | Vaults:5 | Found Muapp's Magic Scroll Shop.
 39451 | Vaults:5 | Bought a scroll of teleportation for 45 gold pieces
 39451 | Vaults:5 | Bought a scroll of fog for 60 gold pieces
 39592 | Vaults:5 | Identified the +2 scale mail of Vehumet's Hope {-Tele
                  | Regen+ Dex+3 Stlth+}
 39596 | Vaults:5 | Identified the amulet of Leffairhou {Reflect Drain Str+3
                  | SH+5}
 39960 | Depths:1 | Entered Level 1 of the Depths
 39964 | Depths:1 | Found a one-way gateway to a ziggurat.
 40763 | Depths:1 | Found a gateway to Hell.
 41203 | Depths:2 | Identified the +6 plate armour of the Poles {rN+}
 41629 | Depths:2 | Found a one-way gate leading to the halls of Pandemonium.
 41878 | Hell     | Entered the Vestibule of Hell
 41879 | Hell     | Noticed Geryon
 41888 | Hell     | Killed Geryon
 41936 | Depths:2 | Reached skill level 15 in Armour
 42071 | Depths:3 | Reached skill level 21 in Fighting
 42071 | Depths:3 | Reached XP level 25. HP: 196/196 MP: 0/0
 42071 | Depths:3 | Learned a level 8 spell: Infestation
 42128 | Depths:3 | Found an opulent altar of Gozag.
 42133 | Depths:3 | Found a one-way gate to the infinite horrors of the Abyss.
 42304 | Depths:3 | Found a glowing golden altar of the Shining One.
 42770 | Depths:3 | Found an ornate altar of the Wu Jian Council.
 42882 | Abyss:3  | Cast into level 3 of the Abyss (a deep elf demonologist)
 43107 | Abyss:3  | Paralysed by you for 3 turns
 43137 | Abyss:3  | Got an abyssal rune of Zot
 43145 | Depths:3 | Escaped the Abyss
 43239 | Depths:3 | Noticed a juggernaut
 43246 | Depths:3 | Killed a juggernaut
 43612 | Depths:4 | Entered Level 4 of the Depths
 43648 | Depths:4 | Reached XP level 26. HP: 193/205 MP: 0/0
 43757 | Depths:4 | Found a gate to the Realm of Zot.
 43788 | Depths:4 | Noticed the Enchantress
 43797 | Depths:4 | Killed the Enchantress
 43811 | Depths:4 | Noticed Parghit
 43828 | Depths:4 | Killed Parghit
 44195 | Depths:4 | Reached skill level 22 in Fighting
 44256 | Depths:4 | Found a broken altar of Ashenzari.
 44722 | Zig:1    | Entered Level 1 of a ziggurat
 44727 | Zig:1    | Reached skill level 15 in Dodging
 44746 | Zig:2    | Entered Level 2 of a ziggurat
 44789 | Zig:2    | Identified the +0 scale mail of Vexation {Stlth+}
 44796 | Zig:2    | Acquired 633 gold pieces
 44805 | Zig:3    | Entered Level 3 of a ziggurat
 44854 | Zig:4    | Entered Level 4 of a ziggurat
 44862 | Zig:5    | Entered Level 5 of a ziggurat
 44977 | Zig:5    | Identified the +2 triple sword of Jipist {heavy, Dex+4}
 44982 | Zig:5    | Identified the +10 battleaxe "Qarchotawk" {heavy, Str+2
                  | Int+3}
 44985 | Zig:6    | Entered Level 6 of a ziggurat
 45013 | Zig:6    | Identified the staff "Starlight" {rN+ Will++ Earth}
 45036 | Zig:7    | Entered Level 7 of a ziggurat
 45042 | Zig:7    | Found the +8 storm bow {elec, penet}
 45070 | Zig:8    | Entered Level 8 of a ziggurat
 45127 | Zig:9    | Entered Level 9 of a ziggurat
 45136 | Zig:9    | Noticed a Killer Klown
 45136 | Zig:9    | Noticed Juziwk the pandemonium lord
 45137 | Zig:9    | Noticed Apnum the pandemonium lord
 45141 | Zig:9    | Killed a Killer Klown
 45143 | Zig:9    | Killed Apnum the pandemonium lord
 45146 | Zig:9    | Killed Juziwk the pandemonium lord
 45264 | Zig:10   | Entered Level 10 of a ziggurat
 45274 | Zig:10   | Noticed a shard shrike
 45286 | Zig:10   | Killed a shard shrike
 45327 | Zig:10   | Identified the +6 spear of Ziclov {freeze, rN+ Will++ rCorr
                  | SInv}
 45351 | Zig:11   | Entered Level 11 of a ziggurat
 45360 | Zig:11   | Noticed a shard shrike
 45363 | Zig:11   | Killed a shard shrike
 45364 | Zig:11   | Paralysed by a wendigo for 1 turns
 45369 | Zig:11   | Reached XP level 27. HP: 109/211 MP: 0/0
 45369 | Zig:11   | Learned a level 9 spell: Chain Lightning
 45486 | Zig:12   | Entered Level 12 of a ziggurat
 45497 | Zig:12   | Reached skill level 1 in Shapeshifting
 45505 | Zig:12   | Found the +3 hat of Pondering {ponderous, Will+ MP+10
                  | Int+5}
 45527 | Zig:12   | Identified the +0 pair of boots "Trusted Companion" {Regen+
                  | Int+3}
 45547 | Zig:13   | Entered Level 13 of a ziggurat
 45561 | Zig:13   | Noticed an ancient lich
 45564 | Zig:13   | Killed an ancient lich
 45649 | Zig:13   | Identified the +2 hand axe of Soeppar {flame, Stlth+}
 45675 | Zig:14   | Entered Level 14 of a ziggurat
 45767 | Zig:14   | Found the +16 obsidian axe {drain, demonic, Mesm Drain Fly
                  | SInv}
 45799 | Zig:14   | Identified the +2 robe of the Moneychanger {Int+5 Dex+4}
 45833 | Zig:15   | Entered Level 15 of a ziggurat
 45857 | Zig:15   | Reached skill level 5 in Shapeshifting
 45899 | Zig:15   | Identified the scarf "Myinais" {repulsion, -Tele Rampage
                  | rPois rF-}
 45934 | Zig:16   | Entered Level 16 of a ziggurat
 46025 | Zig:16   | Found the +5 demon whip "Spellbinder" {antimagic, disrupt,
                  | Will+}
 46027 | Zig:16   | Found the +7 mace of Variability {chaos, chaos arc}
 46037 | Zig:16   | Identified the staff "Qokhlinysm" {+Blink Fly rPois rF++
                  | Str-5 Poison}
 46041 | Zig:16   | Identified the +8 battleaxe "Zixeuw" {vamp, rPois rF+
                  | rCorr}
 46046 | Zig:16   | Identified the +5 hand axe of Balance {pain, Dex+2}
 46072 | Zig:17   | Entered Level 17 of a ziggurat
 46081 | Zig:17   | Noticed a royal mummy
 46082 | Zig:17   | Noticed a royal mummy
 46082 | Zig:17   | Noticed a royal mummy
 46083 | Zig:17   | HP: 8/211 [torment (6)]
 46083 | Zig:17   | Noticed a royal mummy
 46093 | Zig:17   | Killed a royal mummy
 46094 | Zig:17   | Killed a royal mummy
 46094 | Zig:17   | Noticed a royal mummy
 46095 | Zig:17   | Noticed a royal mummy
 46095 | Zig:17   | Noticed a royal mummy
 46096 | Zig:17   | Killed a royal mummy
 46096 | Zig:17   | Killed a royal mummy
 46097 | Zig:17   | Noticed a royal mummy
 46099 | Zig:17   | Killed by miscasting Chain Lightning

Illustrated notes

Levels and vault maps discovered:
D:1:      nzn_arrival_water_spiral, layout_loops_ring, minmay_tripent
D:2:      layout_basic, serial_park_tiny_1, uniq_jessica
D:3:      layout_basic, hangedman_decor_push, uniq_sigmund
D:4:      layout_gridville, nicolae_yredelemnul_corpse_copse,
          kennysheep_small_spiral, uniq_pikel, uniq_robin
D:5:      layout_loops_ring, grunt_temple_overflow_open,
          minmay_temple_entry_drinking_statues, uniq_eustachio, uniq_menkaure
D:6:      layout_basic, nicolae_shop_i_like_big_books, minmay_misc_feat_room
D:7:      layout_loops_ring, mainiacjoe_overflow_catwalk_spiral,
          nicolae_shop_vocational
D:8:      layout_basic, uniq_jeremiah
D:9:      layout_cave_pods, uniq_amaemon, uniq_maggie, uniq_joseph
D:10:     layout_irregular_city, nicolae_tso_carved_into_rock,
          lemuel_mausoleum_altar_kikubaaqudgha,
          mainiacjoe_overflow_large_starburst, erik_lair_dragon, uniq_gastronok
D:11:     layout_roguey, gauntlet_entry_generic, serial_shops,
          nicolae_shop_tiny_glass, shop, shop, shop, hangedman_decor_opposing,
          uniq_erolcha, uniq_lodul
D:12:     layout_roguey, kb_tengu_band, uniq_urug
D:13:     layout_roguey, david_vaults_2, uniq_nessos
D:14:     evilmike_diamond_1, layout_stronghold, kennysheep_cross_bottleneck,
          uniq_jorgrun, uniq_louise
D:15:     grunt_enter_depths_snipers, layout_irregular_city,
          nicolae_twisting_strands
Temple:   cyrus_circular_temple
Lair:1:   layout_loops_ring, portal_ice_cave_demonic_guard
Lair:2:   layout_cave_pods, spider_nest_entry_web_field
Lair:3:   minmay_guarded_unrand_snakebite, layout_cave_pods, swamp_mist,
          chequers_serial_rivers_large_a, columned_hall_lemuel,
          lemuel_fruit_tree, infiniplex_staircase_pool_2
Lair:4:   layout_regular_city, kennysheep_snail_temple, grunt_megastairs_1,
          serial_bayou_shore_a
Lair:5:   evilmike_catoblepas_cave, layout_small_grid,
          minmay_slime_entry_jelly_boxes, nicolae_volcano_entry_s_turn
Swamp:1:  layout_falls_marsh, nicolae_swamp_dense_foliage
Swamp:2:  layout_basic_swamp, evilmike_swamp_ruin_house_2
Swamp:3:  layout_basic_swamp, gammafunk_ghost_cemetery, hangedman_swamp_lotus,
          nicolae_swamp_oxbows, uniq_aizul
Swamp:4:  swamp_pestilence, layout_basic_swamp, swamp_pool3,
          nzn_swamp_dancing_lights
Spider:1: layout_spider_delve
Spider:2: layout_spider_delve
Spider:3: layout_spider_delve
Spider:4: spider_rune_water, uniq_kirke
Slime:1:  layout_caves
Slime:2:  layout_caves
Orc:1:    layout_diamond_mine, trog_butcher_becter
Orc:2:    st_orc_open, layout_caves, serial_shops, shop, mines2_david,
          uniq_saint_roka
Elf:1:    layout_loops_ring, minmay_elf_crystal_heptagon
Elf:2:    elven_hall_of_blades_hangedman_original
          [nicolae_blade_entry_sentries_behind_glass], layout_geoelf_diagonals,
          minmay_misc_feat_cross, lemuel_upstairs_altar
Elf:3:    minmay_elf_hall_spiked, layout_rooms, enter_trove_5,
          nicolae_shop_firing_range
Vaults:1: nicolae_vaults_asterisk, nicolae_vaults_what_the_h,
          nicolae_vaults_shipping_containers_2, v_rooms_1,
          nicolae_vaults_trapezoid_lopsided_3, v_misc_9,
          nicolae_vaults_doubleplus_tesselated, v_pattern_2,
          nicolae_vaults_mitosis, nicolae_vaults_prndl,
          nicolae_vaults_diamond_2, vaults_room_pool, ontoclasm_vaults_hangar,
          layout_vaults_big_room, serial_shops, nicolae_shop_statue_plus
Vaults:2: gammafunk_ghost_fury_of_okawaru, dpeg_vaults_monster_box,
          nicolae_vaults_storage_room_doors, v_misc_8,
          hangedman_vaults_river_flow, hangedman_vaults_stitches, v_misc_27,
          hangedman_vaults_trim, v_alt_pattern_2,
          hangedman_vaults_stretched_pinwheel, nicolae_vaults_theta,
          nicolae_vaults_theta, nicolae_vaults_double_plus_2,
          grunt_vaults_diagonal, layout_vaults_omnibox, serial_shops, shop
Vaults:3: nicolae_vaults_shrinking_rooms_2, v_alt_pattern_6, vaults_mumra_lcd,
          nicolae_vaults_heist, vaults_mumra_chevron,
          nicolae_vaults_closet_pinwheel_5, ontoclasm_vaults_fault,
          minmay_crypt_entry_simple_corners, ontoclasm_vaults_chip, v_misc_8,
          vaults_room_fours, layout_vaults_quadrants, uniq_bai_suzhen
Vaults:4: nicolae_vaults_quartermaster, v_rooms_4, nicolae_vaults_trapezoid_3,
          nicolae_vaults_layer_cake_slice, vaults_room_boxed,
          nicolae_vaults_bisected_exclaves, nicolae_vaults_double_plus_3,
          nicolae_vaults_steering_wheel, nicolae_vaults_apartment_1,
          nicolae_vaults_storage_closets_3, vaults_room_large_hall,
          layout_vaults_maze_snakey, serial_shops, shop
Vaults:5: serial_shops, uniq_margery, uniq_mara
Depths:1: layout_gridville, enter_ziggurat_b, hell_entry,
          nicolae_kite_square_tiling_large, serial_bayou_shore_b
Depths:2: cheibrodos_tormentor_scu, layout_honeycomb, minmay_misc_feat_plants,
          hangedman_coc_ice_floe, rand_demon_pan_entry_9,
          minmay_staircase_bubble
Depths:3: grunt_profane_halls [grunt_profane_temple_tar,
          grunt_profane_temple_coc, grunt_profane_temple_dis,
          grunt_profane_temple_geh, grunt_profane_loot], abyss_entry,
          hell_entry, serial_shops
Depths:4: grunt_zot_entry_funnels, layout_long_grid, lemuel_statue_altar,
          grunt_hell_entry_dis_mu, pan_entry, uniq_parghit, uniq_enchantress
Hell
Zig:17

Skill      XL: |  1  2  3  4  5  6  7  8  9 10 11 12 13 14 15 16 17 18 19 20 21 22 23 24 25 26 27 |
---------------+----------------------------------------------------------------------------------+-----
Spellcasting   | 3 4 5 6 7 8 9 10 11 12 13 14 15 16 17 18 19 | 19.9
Conjurations   | 3 4 5 6 7 8 9 10 11 12 13 14 15 16 17 18 19 | 19.9
Hexes          | 3 4 5 6 7 8 9 10 11 12 13 14 15 16 17 18 19 | 19.9
Summonings     | 3 4 5 6 7 8 9 10 11 12 13 14 15 16 17 18 19 | 19.9
Necromancy     | 3 4 5 6 7 8 9 10 11 12 13 14 15 16 17 18 19 | 19.9
Translocations | 3 4 5 6 7 8 9 10 11 12 13 14 15 16 17 18 19 | 19.9
Transmutations | 3 4 5 6 7 8 9 10 11 12 13 14 15 16 17 18 19 | 19.9
Fire Magic     | 3 4 5 6 7 8 9 10 11 12 13 14 15 16 17 18 19 | 19.9
Ice Magic      | 3 4 5 6 7 8 9 10 11 12 13 14 15 16 17 18 19 | 19.9
Air Magic      | 3 4 5 6 7 8 9 10 11 12 13 14 15 16 17 18 19 | 19.9
Earth Magic    | 3 4 5 6 7 8 9 10 11 12 13 14 15 16 17 18 19 | 19.9
Poison Magic   | 3 4 5 6 7 8 9 10 11 12 13 14 15 16 17 18 19 | 19.9
Fighting       | 4 5 6 8 9 11 12 14 15 16 17 18 19 20 21 22 | 22.0
Stealth        | 2 5 |  5.1
Evocations     | 5 7 |  7.2
Dodging        | 2 6 9 12 14 16 | 16.1
Invocations    | 6 9 11 12 | 12.8
Shields        | 3 8 10 12 13 14 15 16 17 18 | 18.0
Armour         | 5 7 9 11 12 14 15 16 17 18 | 18.1
Shapeshifting  | 7 |  7.7
Long Blades    | |  2.6

Action                     |  1- 3 |  4- 6 |  7- 9 | 10-12 | 13-15 | 16-18 | 19-21 | 22-24 | 25-27 || total
---------------------------+-------+-------+-------+-------+-------+-------+-------+-------+-------++-------
  Melee: Falchion          |    42 |       |       |       |       |       |       |       |       ||    42
         Punch             |     1 |       |       |     1 |       |       |       |       |       ||     2
         Staff             |     1 |       |       |     3 |     6 |    25 |    19 |     4 |     3 ||    61
         Bo                |       |       |       |       |       |       |     7 |    15 |    44 ||    66
   Cast: Scorch            |    27 |    61 |    92 |   286 |   481 |    49 |       |       |       ||   996
         Summon Small Mamm |     2 |     7 |       |       |       |       |       |       |       ||     9
         Volatile Blastmot |       |       |    39 |    11 |     1 |       |       |       |       ||    51
         Summon Ice Beast  |       |       |     6 |    21 |     9 |       |       |       |       ||    36
         Iskenderun's Batt |       |       |       |    29 |    60 |     5 |       |       |       ||    94
         Blink             |       |       |       |     1 |     8 |       |       |       |       ||     9
         Summon Forest     |       |       |       |       |    25 |     5 |     1 |       |       ||    31
         Starburst         |       |       |       |       |    93 |   433 |   289 |   270 |   131 ||  1216
         Summon Cactus Gia |       |       |       |       |       |     3 |    22 |     5 |       ||    30
         Eringya's Noxious |       |       |       |       |       |       |    13 |     3 |    10 ||    26
         Ignition          |       |       |       |       |       |       |    45 |    73 |   145 ||   263
         Ozocubu's Refrige |       |       |       |       |       |       |       |    41 |    29 ||    70
         Infestation       |       |       |       |       |       |       |       |       |    37 ||    37
         Chain Lightning   |       |       |       |       |       |       |       |       |    27 ||    27
 Invoke: Foxfire Swarm     |       |     1 |       |     1 |     1 |       |       |       |       ||     3
         Fiery Armour      |       |       |       |     3 |       |       |       |       |       ||     3
         Slouch            |       |       |       |       |       |       |     1 |       |     1 ||     2
         Step From Time    |       |       |       |       |       |       |     1 |       |       ||     1
  Evoke: Wand              |       |       |       |     1 |     6 |       |     1 |     7 |     1 ||    16
         Phantom mirror    |       |       |       |     1 |     1 |       |       |       |       ||     2
         Phial of floods   |       |       |       |       |     1 |       |       |       |       ||     1
         Tin of tremorston |       |       |       |       |       |       |     2 |       |       ||     2
    Use: Scroll            |       |     2 |     6 |    14 |    17 |    11 |     4 |     4 |     6 ||    64
         Potion            |       |       |     1 |     2 |     6 |       |     8 |     3 |    17 ||    37
   Stab: Distracted        |       |       |       |       |       |       |     2 |       |       ||     2
 Armour: Robe              |    28 |       |       |    79 |       |       |       |       |       ||   107
         Leather armour    |       |    22 |    54 |     9 |       |       |       |       |       ||    85
         Troll leather arm |       |       |       |    63 |   437 |   207 |   214 |   119 |   197 ||  1237
         Skin              |       |       |       |       |       |       |       |       |     5 ||     5
  Dodge: Dodged            |    33 |    17 |    16 |   104 |   335 |   229 |   226 |   114 |   150 ||  1224
  Block: Kite shield       |       |       |       |       |    26 |    99 |       |       |       ||   125
         Tower shield      |       |       |       |       |       |   178 |   426 |   296 |   305 ||  1205

Table legend: (Time is in decaauts)
 A = Elapsed time spent in this place.
 B = Non-inter-level travel time spent in this place.
 C = Inter-level travel time spent in this place.
 D = Time resting spent in this place.
 E = Time spent auto-exploring this place.
 F = Levels seen in this place.
 G = Mean time per level.
                   A        B        C        D        E       F      G
               +--------+--------+--------+--------+--------+-----+--------+
         Total |  64493 |  57566 |   6927 |    557 |  46644 |  66 |  977.2 |
       Dungeon |  20991 |  17211 |   3780 |     91 |  14853 |  15 | 1399.4 |
        Temple |     17 |      8 |      9 |      0 |      0 |   1 |   17.0 |
          Lair |   6059 |   4975 |   1084 |     59 |   3757 |   5 | 1211.8 |
         Swamp |   4887 |   4638 |    249 |      8 |   3877 |   4 | 1221.8 |
   Spider Nest |   5480 |   5161 |    319 |     11 |   4300 |   4 | 1370.0 |
    Slime Pits |      8 |      6 |      2 |      0 |      0 |   2 |    4.0 |
  Orcish Mines |   2023 |   1638 |    385 |    194 |   1065 |   2 | 1011.5 |
   Elven Halls |   4123 |   3958 |    165 |     22 |   2899 |   3 | 1374.3 |
        Vaults |   9792 |   9162 |    630 |     65 |   7843 |   5 | 1958.4 |
        Depths |   7488 |   7188 |    300 |     33 |   5948 |   4 | 1872.0 |
          Hell |     18 |     18 |      0 |      0 |      0 |   1 |   18.0 |
         Abyss |    374 |    374 |      0 |      0 |    138 |   1 |  374.0 |
      Ziggurat |   2032 |   2032 |      0 |     24 |   1188 |  17 |  119.5 |
      Ice Cave |    731 |    731 |      0 |      0 |    498 |   1 |  731.0 |
      Gauntlet |    463 |    463 |      0 |     49 |    276 |   1 |  463.0 |
               +--------+--------+--------+--------+--------+-----+--------+

Top non-repeatable levels by time:
    D:10: 3008 daAuts
    D:14: 2240 daAuts
Vaults:1: 2211 daAuts
Depths:2: 2099 daAuts
Vaults:3: 2015 daAuts
Depths:3: 1997 daAuts
Vaults:5: 1951 daAuts
     D:9: 1940 daAuts
Vaults:2: 1904 daAuts
Depths:4: 1828 daAuts
Spider:2: 1764 daAuts
   Elf:3: 1729 daAuts
Vaults:4: 1708 daAuts
     D:8: 1596 daAuts
   Elf:1: 1572 daAuts
